 Dungeon Crawl Stone Soup version 0.29-a0-320-g9f8742066b (webtiles) character file.

Game seed: 6031630213040620302

23775 ders the Eclecticist (level 13, -1/75 HPs)
             Began as a Djinni Conjurer on Apr 1, 2022.
             Was a Believer of Ashenzari.
             Slain by a komodo dragon (6 damage)
             ... summoned by an orange crystal statue
             ... on level 1 of the Lair of Beasts on Apr 3, 2022.
             The game lasted 00:27:36 (17702 turns).

ders the Eclecticist (Djinni Conjurer)             Turns: 17702, Time: 00:27:36

Health: -1/75      AC: 12    Str: 13    XL:     13   Next: 37%
Gold:   716        EV: 12    Int: 24    God:    Ashenzari [**....] SH:  0 Dex: 13

rFire   + + +      SeeInvis +   J - staff of fire
rCold   x . .      Faith    .   (no shield)
rNeg    . . .      Spirit   .   w - +2 robe of Fuafol {rElec Str+7}
rPois   ∞          Reflect  .   s - +2 helmet "Behold Eternity" {Fort, Evo} (curse)
rElec   +          Harm     .   (no cloak)
rCorr   +          Rampage  .   t - +0 pair of gloves of Apeoromancy {Self, Fort} (curse)
Will    +....                   (boots unavailable)
Stlth   ++........              (no amulet)
HPRegen 0.22/turn               m - ring "Restrained Omen" {rCorr, Range, Melee} (curse)
MPRegen 0.00/turn               P - +4 ring of protection

@: flying
A: sickness immunity, fire resistance 2, cold vulnerability 1, float, innate
caster, HP casting, extra vitality 1
a: Renounce Religion, Curse Item, Shatter the Chains


You were on level 1 of the Lair of Beasts.
You worshipped Ashenzari.
Ashenzari was pleased with you.
You visited 3 branches of the dungeon, and saw 14 of its levels.

You collected 716 gold pieces.

Inventory:

Armour
 g - a +1 tower shield
 s - the cursed +2 helmet "Behold Eternity" (worn) {Fort, Evo}
   (You found it on level 2 of the Dungeon)

   It has a curse which improves the following skills: Fortitude: Armour and
   Shields.
   Evocations: Evocations.
 t - the cursed +0 pair of gloves of Apeoromancy (worn) {Self, Fort}
   (You found it on level 2 of the Dungeon)

   It has a curse which improves the following skills: Introspection: Fighting
   and Spellcasting.
   Fortitude: Armour and Shields.
 w - the +2 robe of Fuafol (worn) {rElec Str+7}
   (You found it on level 3 of the Dungeon)

   Str:       It affects your strength (+7).
   rElec:     It insulates you from electricity.
 x - a +0 kite shield
Magical Staves
 J - a staff of fire (weapon)
Jewellery
 a - a ring of fire
 m - the cursed ring "Restrained Omen" (left hand) {rCorr, Range, Melee}
   (You found it on level 2 of the Dungeon)

   [ring of resist corrosion]

   rCorr:     It protects you from acid and corrosion.
   It has a curse which improves the following skills: Ranged Combat: Slings,
   Bows, Crossbows and Throwing.
   Melee Combat: Short Blades, Long Blades, Axes, Maces & Flails, Polearms,
   Staves and Unarmed Combat.
 K - a ring of willpower
 P - a +4 ring of protection (right hand)
 R - a +6 ring of dexterity
Wands
 A - a wand of charming (4)
 F - a wand of acid (10)
 O - a wand of iceblast (8)
Scrolls
 c - a scroll of torment
 d - 3 scrolls of magic mapping
 e - 4 scrolls of enchant weapon
 f - a scroll of fear
 h - 3 scrolls of fog
 j - 7 scrolls of teleportation
 k - 5 scrolls of amnesia
 p - 13 scrolls of identify
 v - a scroll of blinking
 y - a scroll of silence
 B - 2 scrolls of summoning
 H - 2 scrolls of noise
 L - a scroll of holy word
 N - a scroll of immolation
Potions
 b - 2 potions of might
 i - a potion of attraction
 l - a potion of invisibility
 n - 2 potions of brilliance
 o - 2 potions of curing
 q - a potion of cancellation
 r - a potion of berserk rage
 u - 5 potions of haste
 z - 3 potions of flight
 C - 2 potions of mutation
 D - 3 potions of heal wounds
 E - a potion of lignification
 G - a potion of magic
 I - 2 potions of degeneration
 Q - a potion of resistance


   Skills:
 - Level 2.1 Dodging
 - Level 1.5 Stealth
 + Level 16.8(17.9) Spellcasting


You had 13 spell levels left.
You knew the following spells:

 Your Spells              Type           Power      Damage    Failure   Level
a - Magic Dart            Conj           100%       1d8       0%          1
b - Searing Ray           Conj           100%       2d8       0%          2
c - Dazzling Flash        Conj/Hex       100%       N/A       0%          3
d - Fulminant Prism       Conj/Hex       41%        3d20      0%          4
e - Iskenderun's Mystic   Conj/Tloc      82%        2d16      0%          4
f - Apportation           Tloc           100%       N/A       0%          1
g - Corpse Rot            Necr/Air       100%       N/A       0%          2
h - Call Canine Familiar  Summ           82%        N/A       0%          3
i - Hailstorm             Conj/Ice       82%        3d17      0%          4
j - Irradiate             Conj/Tmut      41%        3d27      1%          5
k - Agony                 Necr           82%        N/A       1%          5
Your spell library was empty.

Dungeon Overview and Level Annotations

Branches:
Dungeon (12/15)            Temple (1/1) D:7            Lair (1/6) D:11
    Orc: D:9-12

Altars:
Ashenzari
Cheibriados
Dithmenos
Elyvilon
Fedhas
Gozag
Hepliaklqana
Kikubaaqudgha
Makhleb
Nemelex Xobeh
Okawaru
Qazlal
Ru
Sif Muna
Trog
Uskayaw
Vehumet
Wu Jian
Xom
Yredelemnul
Zin
The Shining One

Shops:
D:8 :   D:9 [   D:12 (

Annotations:
D:12 Nessos
Lair:1 exclusion: orange crystal statue


Innate Abilities, Weirdness & Mutations

You are immune to sickness and miasma.
You are immune to poison.
Your flesh is very heat resistant. (rF++)
You are vulnerable to cold. (rC-)
You float through the air rather than walking.
You learn spells naturally, not from books.
Your magical power is your life essence.
You have superior vitality. (+4 MHP)


Message History

Aiming: Fulminant Prism (safe; 0% risk of failure)
Press: ? - help, Dir - move target
Okay, then.
Casting: Fulminant Prism (safe; 0% risk of failure)
Confirm with . or Enter, or press ? or * to list all spells.
You erupt in a blast of force!
The mystic blast hits the bullfrog!!
You kill the bullfrog!
The bullfrog's corpse dissolves into shadows!
The orange crystal statue glitters.
You are confused.
Found two items.
The cane toad barely misses you.
You're too confused to cast spells.
You're too confused to cast spells.
You closely miss the komodo dragon.
The komodo dragon is severely wounded.
The komodo dragon bites you. The cane toad stings you!!
The orange crystal statue fixes its piercing gaze on you.
Something tries to feed on your intellect!
The cane toad attacks as you move away! The cane toad stings you! x2
The komodo dragon completely misses you.
You are too confused!
Your magical effects are unravelling.
You feel magically purged.
You feel less confused. The cane toad stings you!
* * * LOW HITPOINT WARNING * * *
The komodo dragon bites you!
* * * LOW HITPOINT WARNING * * *
The orange crystal statue fixes its piercing gaze on you.
Something tries to feed on your intellect!
Casting: Iskenderun's Mystic Blast (safe; 0% risk of failure)
Confirm with . or Enter, or press ? or * to list all spells.
You erupt in a blast of force!
The mystic blast hits the cane toad!!
You kill the cane toad!
The cane toad's corpse dissolves into shadows!
The mystic blast hits the komodo dragon!
The komodo dragon is almost dead.
* * * LOW HITPOINT WARNING * * *
The komodo dragon bites you.
You die...

##.....#
#≈≈≈≈#
.......#
##≈≈≈##
.......#
##≈≈≈#
.......#
#≈≈≈##
.......#
#≈≈≈≈#
.......#
##≈≈≈##
.......#
##≈≈≈#
.......#
#≈≈≈#
.......#
##@≈≈#
.......#
#l≈≈##
#.#....#
#≈≈≈#
.#.....#
#≈≈≈##
###....#
≈≈≈≈≈#
###....#
≈≈≈≈≈##
.......#
#≈≈≈≈.#*
.......#
#[)≈#8*
.......#
#[)###


You could see an orange crystal statue and a komodo dragon (summoned).

Vanquished Creatures
  Josephine (D:11)
  A boulder beetle (D:7)
  6 two-headed ogres
  5 skeletal warriors (D:12)
  The ghost of Hubris850 the Cleaver, a novice MiFi of Makhleb (D:6)
  An ugly thing (D:10)
  A cyclops (D:7)
  Maurice (D:8)
  A gargoyle (D:7)
  A cane toad (Lair:1)
  2 komodo dragons
  4 kobold demonologists
  2 polar bears (D:12)
  7 trolls
  A hornet (D:10)
  3 wraiths (D:11)
  Eustachio (D:4)
  6 yaks (D:10)
  2 wyverns
  4 basilisks
  3 steam dragons (D:8)
  9 vampire mosquitoes
  Menkaure (D:7)
  An acid dragon (D:9)
  6 water moccasins
  6 ice beasts
  3 black bears
  2 orc warriors
  3 ogres (D:5)
  3 wolves (D:11)
  5 centaurs
  3 phantoms (D:5)
  2 bullfrogs (Lair:1)
  9 kobold brigands
  Blork the orc (D:4)
  8 necrophages
  6 scorpions
  A gnoll sergeant (D:7)
  11 wights
  9 killer bees (D:9)
  2 oklob saplings (D:10)
  2 electric eels (Lair:1)
  A howler monkey (D:10)
  A human zombie (D:5)
  2 hounds
  An orc priest (D:6)
  3 jellies
  5 iguanas
  8 orc wizards
  A scorpion zombie (D:5)
  A mummy (D:5)
  7 gnolls
  12 adders
  2 shadow imps
  4 white imps
  4 ufetubi
  4 dart slugs
  29 orcs
  12 ball pythons
  10 endoplasms
  3 giant cockroaches
  5 goblins
  9 hobgoblins
  2 jackals (D:10)
  6 quokkas
  7 bats
  4 frilled lizards
  12 kobolds
  8 rats
  5 fulminant prisms
315 creatures vanquished.

Vanquished Creatures (others)
  A kobold (D:10)
  159 fulminant prisms
  2 fungi (D:11)
  22 plants
184 creatures vanquished.

Grand Total: 499 creatures vanquished

Notes
Turn   | Place    | Note
-------+----------+-------------------------------------------
     0 | D:1      | ders the Djinni Conjurer began the quest for the Orb.
     0 | D:1      | Reached XP level 1. HP: 15/15 MP: 0/0
   112 | D:1      | Reached XP level 2. HP: 16/21 MP: 0/0
   707 | D:1      | Reached XP level 3. HP: 24/25 MP: 0/0
   707 | D:1      | Learned a level 1 spell: Apportation
   853 | D:1      | Reached skill level 4 in Spellcasting
  1263 | D:2      | Reached XP level 4. HP: 15/31 MP: 0/0
  1543 | D:2      | Reached XP level 5. HP: 26/35 MP: 0/0
  1543 | D:2      | Learned a level 2 spell: Corpse Rot
  1744 | D:2      | Found a faded altar of an unknown god.
  2221 | D:3      | Reached skill level 5 in Spellcasting
  2418 | D:3      | Identified the +2 robe of Fuafol {rElec Str+7}
  2832 | D:3      | Noticed an ice beast
  2838 | D:3      | Killed an ice beast
  2839 | D:3      | Reached XP level 6. HP: 20/40 MP: 0/0
  3694 | D:4      | Reached skill level 6 in Spellcasting
  3949 | D:4      | Noticed Blork the orc
  3950 | D:4      | Noticed Eustachio
  3955 | D:4      | Reached XP level 7. HP: 39/45 MP: 0/0
  3955 | D:4      | Learned a level 3 spell: Call Canine Familiar
  3957 | D:4      | Killed Blork the orc
  3962 | D:4      | Killed Eustachio
  3963 | D:4      | Reached skill level 7 in Spellcasting
  4246 | D:4      | Found a sparkling altar of Nemelex Xobeh.
  4247 | D:4      | Noticed a water moccasin
  4253 | D:4      | Killed a water moccasin
  4254 | D:4      | Reached XP level 8. HP: 42/50 MP: 0/0
  4577 | D:5      | Entered Level 5 of the Dungeon
  4653 | D:5      | Reached skill level 8 in Spellcasting
  5079 | D:5      | Found an opulent altar of Gozag.
  5116 | D:5      | Reached XP level 9. HP: 28/55 MP: 0/0
  5116 | D:5      | Learned a level 4 spell: Hailstorm
  5282 | D:5      | Found a shadowy altar of Dithmenos.
  5631 | D:5      | Reached skill level 9 in Spellcasting
  6377 | D:5      | Reached skill level 10 in Spellcasting
  7313 | D:6      | Found a runed translucent gate.
  7313 | D:6      | Found a runed translucent gate.
  7313 | D:6      | Found a runed translucent gate.
  7316 | D:6      | Noticed Hubris850's ghost (novice MiFi)
  7325 | D:6      | Reached XP level 10. HP: 53/60 MP: 0/0
  7329 | D:6      | Killed Hubris850's ghost
  7330 | D:6      | Reached skill level 11 in Spellcasting
  7565 | D:7      | Found a staircase to the Ecumenical Temple.
  7571 | Temple   | Entered the Ecumenical Temple
  7707 | D:7      | Noticed Menkaure
  7710 | D:7      | Killed Menkaure
  7778 | D:7      | Found a bloodstained altar of Trog.
  7876 | D:7      | Noticed a +0 short sword
  7878 | D:7      | Noticed a +0 spear
  7879 | D:7      | Noticed a +0 short sword
  7880 | D:7      | Noticed a +0 spear
  7881 | D:7      | Noticed a +0 dagger
  7886 | D:7      | Noticed a +0 dagger
  7886 | D:7      | Noticed a +0 falchion
  7888 | D:7      | Found a hide-covered altar of Uskayaw.
  7888 | D:7      | Noticed a +0 falchion
  8044 | D:7      | Noticed a two-headed ogre
  8055 | D:7      | Killed a two-headed ogre
  8056 | D:7      | Reached skill level 12 in Spellcasting
  8057 | D:7      | Noticed a kobold demonologist
  8060 | D:7      | Killed a kobold demonologist
  8293 | D:7      | Noticed a gargoyle
  8293 | D:7      | Noticed a boulder beetle
  8293 | D:7      | Noticed a komodo dragon
  8294 | D:7      | Noticed a two-headed ogre
  8306 | D:7      | Killed a komodo dragon
  8307 | D:7      | Reached XP level 11. HP: 34/65 MP: 0/0
  8307 | D:7      | Learned a level 5 spell: Irradiate
  8621 | D:7      | Killed a boulder beetle
  8815 | D:7      | Killed a two-headed ogre
  8816 | D:7      | Reached skill level 13 in Spellcasting
  9096 | D:7      | Noticed a cyclops
  9107 | D:7      | Killed a cyclops
  9844 | D:7      | Found an ornate altar of the Wu Jian Council.
 10209 | D:8      | Found a broken altar of Ashenzari.
 10212 | D:8      | Noticed Maurice
 10232 | D:8      | Killed Maurice
 10571 | D:8      | Became a worshipper of Ashenzari the Shackled
 10703 | D:8      | Found a glowing silver altar of Zin.
 10951 | D:8      | Found Gubiduro's Book Shoppe.
 10965 | D:8      | Noticed a two-headed ogre
 10979 | D:8      | Killed a two-headed ogre
 10980 | D:8      | Reached skill level 14 in Spellcasting
 12463 | D:9      | Found a basalt altar of Yredelemnul.
 12518 | D:9      | Found Atsoa's Antique Armour Shop.
 12812 | D:10     | Entered Level 10 of the Dungeon
 12812 | D:10     | Noticed a two-headed ogre
 12816 | D:10     | Noticed a two-headed ogre
 12820 | D:10     | Killed a two-headed ogre
 12821 | D:10     | Reached XP level 12. HP: 53/70 MP: 0/0
 12825 | D:10     | Killed a two-headed ogre
 13306 | D:10     | Reached * piety under Ashenzari
 13414 | D:10     | Noticed a sun demon
 13589 | D:10     | Reached skill level 15 in Spellcasting
 13800 | D:10     | Noticed a two-headed ogre
 13810 | D:10     | Killed a two-headed ogre
 14086 | D:10     | Found a stormy altar of Qazlal.
 14491 | D:10     | Found a burning altar of Makhleb.
 14491 | D:10     | Noticed a cacodemon
 14627 | D:11     | Upgraded the game from 0.29-a0-319-gad05b8d819 to
                  | 0.29-a0-320-g9f8742066b
 14745 | D:11     | Noticed Josephine
 14755 | D:11     | Killed Josephine
 14923 | D:11     | Found a staircase to the Lair.
 15568 | D:11     | Reached ** piety under Ashenzari
 15644 | D:11     | Reached skill level 16 in Spellcasting
 15644 | D:11     | Reached XP level 13. HP: 42/75 MP: 0/0
 15644 | D:11     | Learned a level 5 spell: Agony
 16420 | D:12     | Found Neupuimerr's Weapon Emporium.
 16738 | D:12     | Identified the +11 war axe of Perversion {elec, rPois MP-9
                  | Str+2}
 17054 | D:12     | Noticed Nessos
 17059 | D:12     | HP: 2/75 [Nessos/arrow (15)]
 17420 | Lair:1   | Entered Level 1 of the Lair of Beasts
 17693 | Lair:1   | Identified the +6 chain mail "Juts" {-Cast Rampage rN+}
 17698 | Lair:1   | Identified the +7 chain mail "Ytoot" {Rampage Regen+ rCorr
                  | Int-4 Stlth-}
 17702 | Lair:1   | Slain by a komodo dragon

Illustrated notes

Levels and vault maps discovered:
D:1:      scummos_arrival_star, layout_rooms, minmay_door_square,
          minmay_tiny_reverse_x
D:2:      layout_loops_ring, ebering_ecumenical_altar_webs
D:3:      cheibrodos_helix_gallery, layout_basic, chequers_serial_rivers_room_b
D:4:      layout_basic, overflow_temple_1_default, uniq_eustachio,
          uniq_blork_the_orc
D:5:      nicolae_cairo_tiling, layout_basic, grunt_gozag_breadcrumbs,
          lemuel_mausoleum_altar_kikubaaqudgha, lemuel_doored_altar,
          minmay_misc_feat_roman
D:6:      layout_gridville, nicolae_overflow_hidden_temple,
          gammafunk_ghost_nasty_kobolds
D:7:      minmay_the_grid_triangle_9x9_recursive_2
          [minmay_the_grid_triangle_9x9_prize_insulated,
          minmay_the_grid_triangle_9x9_wacky_v,
          minmay_the_grid_triangle_9x9_checkered,
          minmay_the_grid_triangle_9x9_corruption], layout_gridville,
          lemuel_round_altar, nicolae_uskayaw_en_pointe,
          mainiacjoe_overflow_small_starburst, temple_green,
          supply_closet_lemuel, minmay_crystal_room, uniq_menkaure
D:8:      layout_cave_pods, overflow_temple_1_default,
          cheibrodos_ashenzari_chains, serial_shops, nicolae_shop_waterfront,
          uniq_maurice
D:9:      layout_loops_ring, mainiacjoe_overflow_paths, serial_shops,
          nicolae_shop_overgrown_old_shop
D:10:     layout_big_octagon, nicolae_overflow_crystal_walls,
          makhleb_altar_promises_db, grunt_ministairs_7,
          introduction_to_nature_2
D:11:     layout_stronghold, minmay_lair_entry_grove, uniq_josephine
D:12:     layout_loops_ring, orc_0_dummy, serial_shops, shop, ice2_lemuel,
          uniq_nessos
Temple:   nicolae_temple_figure_zero
Lair:1:   statuecave_lemuel, layout_cave_pods, lemuel_centaur_altar,
          serial_bayou_shore_a

Skill      XL: |  1  2  3  4  5  6  7  8  9 10 11 12 |
---------------+-------------------------------------+-----
Spellcasting   | 4 5 6 7 8 10 12 14 16 | 16.8
Dodging        | |  2.1
Stealth        | |  1.5

Action                   |  1- 3 |  4- 6 |  7- 9 | 10-12 | 13-15 || total
-------------------------+-------+-------+-------+-------+-------++-------
Melee: Staff             |       |       |       |     3 |     1 ||     4
 Cast: Magic Dart        |    70 |   109 |    32 |     8 |       ||   219
       Searing Ray       |       |     4 |       |       |       ||     4
       Fulminant Prism   |       |     3 |    21 |   111 |    29 ||   164
       Iskenderun's Myst |       |     4 |    33 |    81 |    21 ||   139
       Hailstorm         |       |       |    12 |    28 |     5 ||    45
       Irradiate         |       |       |       |     3 |       ||     3
Invok: Curse Item        |       |       |       |     3 |       ||     3
  Use: Potion            |       |       |       |     4 |     1 ||     5
       Scroll            |       |       |       |     1 |     2 ||     3
Armor: Robe              |     2 |     1 |       |    16 |     8 ||    27
Dodge: Dodged            |     6 |    10 |     6 |    30 |     6 ||    58

Table legend: (Time is in decaauts)
 A = Elapsed time spent in this place.
 B = Non-inter-level travel time spent in this place.
 C = Inter-level travel time spent in this place.
 D = Time resting spent in this place.
 E = Time spent auto-exploring this place.
 F = Levels seen in this place.
 G = Mean time per level.
                   A        B        C        D        E       F      G
               +--------+--------+--------+--------+--------+-----+--------+
         Total |  17706 |  17246 |    460 |   5941 |   9478 |  14 | 1264.7 |
       Dungeon |  17300 |  16848 |    452 |   5884 |   9195 |  12 | 1441.7 |
        Temple |    123 |    115 |      8 |      0 |    111 |   1 |  123.0 |
          Lair |    281 |    281 |      0 |     57 |    172 |   1 |  281.0 |
               +--------+--------+--------+--------+--------+-----+--------+

Top non-repeatable levels by time:
    D:11: 2018 daAuts
     D:5: 1990 daAuts
    D:10: 1796 daAuts
     D:6: 1728 daAuts
     D:8: 1725 daAuts
     D:7: 1632 daAuts
     D:9: 1314 daAuts
     D:3: 1212 daAuts
     D:4: 1205 daAuts
     D:2: 1108 daAuts
     D:1: 1049 daAuts
    D:12: 518 daAuts
  Lair:1: 281 daAuts
  Temple: 123 daAuts
